Map: Oceanborn LE

Players

Oliveira - Winner!

  • Race: Terran Terran
  • Spawn Location: 11:00

SKillous

  • Race: Protoss Protoss
  • League: Grandmaster
  • Spawn Location: 5:00

Event: Bellum Gens Elite Stara Zagora 2024

VOD

Have the link to the VOD?

Description

Time

  • Played on: Sept. 6, 2024, 7:48 a.m.
  • Length: 13:22

All games in this series

Show
View Real Time Build Order
Export as new Build Order

Oliveira Terran - Winner!

Build Orders: Cyclone Opening, Reaper Expand 

Get SALT Encoding   

  12  0:00  SCV  
  13  0:12  SCV  
  14  0:17  Supply Depot  
  14  0:25  SCV  
  15  0:38  SCV  
  15  0:40  Barracks  
  16  0:43  Refinery  
  16  0:51  SCV  
  17  1:03  SCV  
  18  1:15  SCV  
  19  1:27  Reaper  
  19  1:28  Orbital Command  
  20  1:39  Command Center  
  20  1:53  SCV  
  21  1:54  Supply Depot  
  21  1:59  Marine  
  22  2:05  SCV  
  22  2:07  Factory  
  23  2:17  SCV, Marine  
  23  2:21  Barracks  
  26  2:30  SCV  
  26  2:31  Refinery  
  26  2:35  Barracks Reactor  
  26  2:42  SCV  
  26  2:52  Orbital Command, Cyclone  
  26  2:54  SCV  
  29  2:59  Orbital Command  
  29  3:06  SCV  
  29  3:09  Barracks Tech Lab, Barracks  
  29  3:12  Marine x2  
  32  3:18  SCV  
  33  3:25  SCV  
  33  3:26  Factory Tech Lab  
  34  3:28  Supply Depot  
  34  3:30  Marine  
  35  3:36  Stimpack  
  35  3:37  Marine  
  35  3:38  SCV  
  38  3:41  SCV  
  38  3:45  Siege Tank  
  38  3:46  Marine  
  42  3:50  SCV  
  42  3:51  Marine  
  42  3:53  SCV  
  45  3:58  Starport  
  45  3:59  Marine  
  45  4:02  SCV  
  47  4:05  SCV  
  48  4:11  Marine  
  48  4:14  SCV  
  48  4:15  Supply Depot  
  51  4:17  SCV  
  51  4:21  Bunker  
  51  4:22  Siege Tank  
  53  4:31  Supply Depot, SCV  
  54  4:36  SCV, Marine x2  
  54  4:37  Marauder  
  59  4:40  Engineering Bay  
  59  4:43  Refinery  
  59  4:44  SCV  
  60  4:48  Barracks Tech Lab, SCV  
  60  4:54  Siege Tank  
  60  4:56  SCV  
  64  5:00  Supply Depot, Marine  
  64  5:01  SCV, Marine  
  64  5:05  Marauder  
  69  5:08  SCV  
  69  5:13  Combat Shield  
  69  5:14  Refinery  
  69  5:16  SCV  
  69  5:20  SCV  
  70  5:27  Marauder  
  72  5:28  SCV, Marine  
  72  5:30  Marauder  
  72  5:32  SCV, Starport Reactor  
  76  5:39  Terran Infantry Weapons Level 1  
  76  5:40  SCV, Marine  
  78  5:48  Supply Depot x2  
  78  5:49  Concussive Shells  
  78  5:56  Supply Depot  
  78  6:09  SCV x2, Marine x2  
  78  6:10  Marauder x2, Widow Mine, Medivac x2  
  92  6:16  Supply Depot  
  92  6:20  Armory  
  92  6:22  SCV x2  
  94  6:27  Marine x2  
  94  6:31  Marauder  
  98  6:33  Widow Mine  
  99  6:43  Command Center  
  99  6:48  Marine, Marauder  
  99  6:49  Supply Depot, Marine  
  99  6:52  Marine  
  104  6:55  SCV x2  
  104  7:00  Supply Depot  
  106  7:03  Widow Mine  
  106  7:06  Marine  
  109  7:09  Drilling Claws  
  109  7:12  Marine  
  109  7:13  Barracks  
  109  7:14  Barracks  
  109  7:15  Marauder  
  112  7:19  Marauder  
  113  7:24  Medivac x2  
  113  7:26  Widow Mine  
  113  7:28  SCV x2  
  121  7:31  Supply Depot  
  119  7:37  Terran Infantry Armor Level 1  
  119  7:41  Marine x2, Marauder x2  
  125  7:53  Widow Mine  
  125  7:55  SCV  
  127  7:58  Medivac x2  
  127  7:59  Orbital Command  
  127  8:02  Barracks Tech Lab, Barracks Reactor  
  127  8:03  Marauder  
  132  8:08  Marine x2  
  132  8:10  Missile Turret  
  134  8:14  Marine  
  134  8:18  SCV, Widow Mine  
  134  8:19  SCV  
  139  8:24  Orbital Command, Marine  
  140  8:29  Supply Depot  
  140  8:30  Supply Depot, Marine x2, Marauder  
  140  8:33  Marauder  
  146  8:35  SCV x2  
  146  8:39  Marine  
  149  8:50  Liberator x2  
  149  8:51  Widow Mine  
  149  8:52  Marine, Marauder  
  149  8:53  SCV  
  159  8:58  Marine x2  
  159  8:59  SCV, Marauder  
  163  9:03  SCV  
  163  9:04  Marine  
  163  9:05  Marauder  
  163  9:09  Marine  
  167  9:13  Marine  
  167  9:15  SCV  
  167  9:16  Marine  
  171  9:19  Ghost Academy  
  171  9:20  Marauder  
  173  9:24  Factory Reactor  
  141  9:38  Marine x3  
  141  9:39  Viking  
  141  9:40  Viking  
  141  9:42  Terran Infantry Weapons Level 2  
  150  9:49  Ghost x2  
  150  9:50  Ghost  
  150  9:51  Marine  
  151  9:58  Supply Depot, Marine x2, Refinery x2  
  151  9:59  SCV  
  155  10:02  SCV  
  155  10:05  Widow Mine  
  158  10:13  Viking  
  158  10:15  Command Center, Viking  
  158  10:18  SCV x2  
  158  10:19  SCV  
  158  10:20  Supply Depot  
  162  10:22  Ghost  
  164  10:28  Supply Depot, Ghost  
  164  10:33  Marauder  
  164  10:35  Missile Turret, Widow Mine  
  170  10:38  SCV x3  
  171  10:46  Personal Cloaking  
  171  10:49  Engineering Bay, Terran Ship Weapons Level 1  
  171  10:50  Missile Turret  
  171  10:52  Viking  
  171  10:56  Viking  
  175  11:01  Marauder  
  175  11:03  Marauder x2  
  181  11:15  Missile Turret  
  181  11:22  Barracks  
  181  11:23  Barracks, Marauder  
  181  11:24  Barracks  
  181  11:26  Viking  
  183  11:37  Viking  
  183  11:39  SCV x2  
  187  11:41  Sensor Tower  
  187  11:42  Missile Turret  
  191  11:47  Marauder x2  
  191  11:51  Widow Mine x2  
  192  11:55  Planetary Fortress  
  187  12:10  Starport  
  187  12:11  Barracks Tech Lab x2  
  184  12:17  Command Center  
  184  12:24  Liberator x2  
  184  12:26  Widow Mine  
  184  12:28  Widow Mine  
  194  12:30  Marauder  
  190  12:50  Marine x2, Marauder  
  149  12:58  Marine  
  149  12:59  Marine, Marauder  
  149  13:00  Marine  
  149  13:01  Marine  
  149  13:02  SCV x2  
  149  13:03  Marine  
  148  13:09  Starport Reactor  
Show
View Real Time Build Order
Export as new Build Order

SKillous Protoss 

Build Orders: 1 Gate Expand, Blink Stalkers 

Get SALT Encoding   

  12  0:00  Probe  
  13  0:12  Probe  
  14  0:17  Pylon  
  14  0:24  Probe (Chrono Boost)  
  15  0:36  Gateway, Probe (Chrono Boost)  
  16  0:44  Probe (Chrono Boost)  
  16  0:45  Assimilator  
  17  0:51  Probe  
  18  1:03  Probe  
  19  1:15  Probe  
  20  1:23  Cybernetics Core  
  20  1:30  Nexus  
  20  1:33  Probe  
  21  1:40  Pylon  
  21  1:45  Assimilator  
  21  1:48  Probe  
  22  1:56  Adept (Chrono Boost)  
  22  2:00  Warp Gate, Probe  
  25  2:12  Probe  
  26  2:16  Adept (Chrono Boost)  
  28  2:24  Probe  
  28  2:26  Twilight Council  
  30  2:38  Probe (Chrono Boost)  
  30  2:42  Stalker  
  30  2:43  Probe (Chrono Boost)  
  35  2:52  Probe (Chrono Boost)  
  35  2:53  Probe (Chrono Boost)  
  35  2:57  Blink (Chrono Boost), Probe (Chrono Boost)  
  35  3:00  Probe  
  37  3:09  Probe  
  37  3:11  Gateway  
  37  3:12  Probe  
  39  3:21  Probe  
  39  3:24  Probe  
  39  3:26  Robotics Facility  
  41  3:29  Pylon  
  41  3:33  Probe  
  40  3:36  Probe  
  40  3:40  Gateway  
  39  3:45  Probe  
  39  3:47  Assimilator  
  40  3:48  Stalker  
  40  3:49  Probe  
  43  3:57  Pylon  
  43  3:58  Shield Battery, Probe  
  43  4:01  Probe  
  45  4:07  Stalker  
  47  4:10  Probe  
  47  4:11  Stalker  
  47  4:13  Probe  
  47  4:15  Observer  
  52  4:22  Probe  
  53  4:24  Nexus  
  53  4:27  Probe  
  53  4:29  Pylon  
  54  4:33  Observer  
  54  4:34  Probe  
  54  4:35  Charge (Chrono Boost)  
  56  4:40  Probe  
  56  4:41  Assimilator  
  57  4:46  Probe  
  57  4:51  Stalker  
  60  4:52  Probe  
  60  4:57  Forge  
  60  4:58  Probe  
  62  5:03  Stalker x2  
  62  5:05  Probe  
  67  5:08  Shield Battery  
  67  5:10  Probe  
  68  5:17  Protoss Ground Weapons Level 1 (Chrono Boost), Probe  
  69  5:22  Probe  
  67  5:29  Probe  
  67  5:31  Pylon  
  67  5:32  Sentry  
  67  5:34  Immortal (Chrono Boost)  
  70  5:36  Probe  
  70  5:39  Probe  
  70  5:41  Probe  
  70  5:42  Sentry  
  79  5:47  Gateway  
  79  5:48  Probe  
  79  5:49  Gateway x2, Sentry  
  82  5:53  Pylon, Probe  
  83  6:01  Gateway  
  83  6:02  Gateway  
  83  6:05  Pylon  
  83  6:06  Shield Battery  
  83  6:07  Immortal (Chrono Boost)  
  87  6:15  Pylon  
  87  6:19  Pylon  
  87  6:22  Stalker x2, Pylon  
  87  6:24  Stalker  
  93  6:32  Pylon  
  93  6:35  Warp Prism (Chrono Boost)  
  93  6:37  Pylon  
  95  6:41  Zealot  
  95  6:46  Zealot x4  
  105  6:57  Zealot x2  
  105  6:58  Zealot  
  111  7:06  Zealot x5  
  119  7:14  Pylon  
  119  7:17  Protoss Ground Weapons Level 2 (Chrono Boost)  
  119  7:18  Zealot x3  
  119  7:21  Pylon  
  119  7:22  Observer  
  126  7:23  Robotics Bay  
  126  7:27  Probe x2  
  126  7:29  Assimilator  
  126  7:31  Pylon  
  124  7:39  Nexus  
  124  7:40  Observer (Chrono Boost)  
  124  7:41  Pylon  
  125  7:47  Observer  
  125  7:49  Zealot x5  
  125  7:53  Probe  
  125  7:54  Observer (Chrono Boost)  
  125  7:57  Pylon  
  125  8:03  Probe  
  126  8:07  Zealot x4, Probe x2, Colossus (Chrono Boost)  
  126  8:12  Extended Thermal Lance (Chrono Boost)  
  142  8:15  Probe  
  143  8:20  Robotics Facility  
  143  8:21  Probe  
  143  8:23  Probe  
  143  8:26  Assimilator  
  145  8:27  Probe  
  145  8:28  Assimilator  
  145  8:33  Zealot x3  
  145  8:34  Zealot  
  154  8:39  Zealot x2  
  154  8:40  Zealot  
  160  8:48  Zealot, Colossus (Chrono Boost)  
  167  8:57  Zealot x4  
  171  9:04  Photon Cannon  
  171  9:08  Stalker x3  
  171  9:11  Observer (Chrono Boost)  
  171  9:12  Probe  
  171  9:14  Probe  
  168  9:19  Photon Cannon  
  168  9:21  Probe x2  
  166  9:28  Probe  
  159  9:32  Protoss Ground Weapons Level 3 (Chrono Boost)  
  134  9:40  Photon Cannon  
  134  9:42  Probe  
  134  9:43  Probe  
  136  9:48  Probe  
  136  9:51  Warp Prism (Chrono Boost)  
  136  9:52  Colossus (Chrono Boost)  
  143  9:57  Probe  
  144  10:03  Templar Archives  
  144  10:04  Forge  
  142  10:07  Probe  
  142  10:08  Stalker x2, Probe  
  142  10:09  Probe  
  147  10:14  Probe  
  147  10:18  Colossus (Chrono Boost)  
  147  10:20  Probe  
  147  10:21  Probe  
  150  10:24  Probe  
  150  10:26  Probe  
  150  10:27  Shield Battery  
  158  10:28  Pylon  
  158  10:29  Photon Cannon  
  156  10:36  Stalker x2  
  156  10:41  Stargate  
  159  10:44  Stalker  
  159  10:47  Stalker  
  163  10:51  Stalker  
  163  10:54  Observer  
  164  11:01  Protoss Ground Armor Level 1 (Chrono Boost)  
  160  11:08  Probe (Chrono Boost)  
  153  11:14  Zealot, Nexus, Probe (Chrono Boost)  
  153  11:15  Pylon  
  153  11:17  Probe (Chrono Boost)  
  157  11:23  Probe x2 (Chrono Boost)  
  157  11:24  Psionic Storm  
  159  11:26  Probe (Chrono Boost)  
  159  11:29  Void Ray (Chrono Boost)  
  159  11:30  Probe  
  164  11:37  Probe  
  165  11:43  High Templar x3  
  165  11:45  Shield Battery  
  171  11:48  Probe  
  174  12:07  Immortal (Chrono Boost)  
  174  12:14  Photon Cannon  
  172  12:18  Gravitic Drive  
  172  12:25  High Templar  
  174  12:30  Zealot x4  
  174  12:31  Zealot x3  
  123  12:52  Archon  
  123  12:53  Zealot x7  
  97  12:59  Probe x2  
  97  13:01  Probe  
  71  13:09  Robotics Facility  
Tags
 
Add a new tag
Caveats
  • Supply blocks, unpowered buildings, or Contaminate may cause inaccurate times.
  • Supply counts are checked every 10 seconds.